AoeStats
← basileus

Arabian Desert

510023068Analyzed
1v1 RM · 2d ago on Sep 29, 2026· 56m 30s· 2 players
Game mode
Random Map
Map size
Tiny (2 player)
Population
200
Speed
Normal
Resources
Standard
Victory
Conquest
Starting age
Dark Age
Ending age
Imperial Age
RankedLock teamsTeams togetherTeam positionsShared explorationLock speedFull tech treeHidden civsTurbo modeCheats
Victory
Defeat
🇺🇸 Saxons · United States
1233
+15
🇺🇸 Varangians · United States
1212
-15
basileus
7:21 Loom
9:56 Feudal Age
10:07 Man-at-Arms
13:25 Double-Bit Axe
15:26 Fletching
17:56 Bloodlines
18:36 Scale Barding Armor
20:56 Padded Archer Armor
25:55 Forging
29:29 Castle Age
27:48 Town Watch
28:42 Wheelbarrow
31:02 Chain Barding Armor
31:19 Iron Casting
31:01 Bow Saw
31:42 Husbandry
34:54 Bodkin Arrow
35:19 Elite Skirmisher
36:17 Leather Archer Armor
37:44 Horse Collar
38:52 Light Cavalry
43:25 Fervor
51:15 Hand Cart
51:01 Town Patrol
Jalapeño Horsey
7:51 Loom
10:30 Feudal Age
8:48 Loom
10:34 Feudal Age
11:44 Man-at-Arms
14:11 Double-Bit Axe
17:09 Gold Mining
18:12 Fletching
23:40 Horse Collar
27:39 Town Watch
31:06 Castle Age
30:11 Padded Archer Armor
30:14 Stone Mining
31:59 Bodkin Arrow
31:28 Crossbowman
32:58 Leather Archer Armor
35:13 Wheelbarrow
37:08 Bow Saw
37:03 Clerical Recruitment
42:52 Imperial Age
41:42 Gold Shaft Mining
41:37 Sanctity
42:17 Thumb Ring
42:15 Scale Mail Armor
42:25 Forging
42:41 Squires
43:05 Forging
43:28 Chain Mail Armor
44:05 Block Printing
45:22 Conscription
44:39 Pikeman
49:28 Arson
49:26 Halberdier
52:27 Elite Varangian Guard
54:22 Elite Hearth Troop
55:27 Forging
Connection lost

Rejoining the realm…

Still unreachable

The connection could not be restored.

Session expired

The server has moved on; the page needs a fresh start.